 Dungeon Crawl Stone Soup version 0.19.3-4-gbf9329e (console) character file.

350 Kloppie the Shield-Bearer (level 6, -5/51 HPs)
             Began as a Formicid Fighter on Jan 26, 2017.
             Slain by Duvessa
             ... wielding a +0 short sword
              (6 damage)
             ... on level 4 of the Dungeon.
             The game lasted 00:03:31 (3218 turns).

Kloppie the Shield-Bearer (Formicid Fighter)        Turns: 3218, Time: 00:03:32

Health: -5/51      AC:  6    Str: 21    XL:     6   Next: 92%
Magic:  6/6        EV:  9    Int:  7    God:
Gold:   183        SH: 12    Dex: 12    Spells: 0 memorised, 5 levels left

rFire  . . .     SeeInvis +     b - +2 hand axe (venom)
rCold  . . .     Gourm    .     o - +0 scale mail
rNeg   . . .     Faith    .     c - +2 shield
rPois  .         Spirit   .     (helmet unavailable)
rElec  .         Reflect  .     (no cloak)
rCorr  .         Harm     .     (no gloves)
MR     .....                    (no boots)
Stlth  ..........               (no amulet)
                                (no ring)
                                (no ring)

@: no status effects
A: permanent stasis, dig shafts and tunnels, four strong arms, antennae 3
a: Dig, Shaft Self


You were on level 4 of the Dungeon.
You were not hungry.

You visited 1 branch of the dungeon, and saw 4 of its levels.

You collected 183 gold pieces.

Inventory:

Hand Weapons
 a - a +0 war axe
 b - a +2 hand axe of venom (weapon)
Armour
 c - a +2 shield (worn)
 o - a +0 scale mail (worn)
Scrolls
 d - a scroll of remove curse
 g - a scroll of enchant armour
 i - a scroll of blinking {unknown}
 k - a scroll of fog
 l - a scroll of enchant weapon {unknown}
 p - 3 scrolls of identify
Potions
 e - 8 potions of curing
Comestibles
 f - 3 bread rations
 h - 2 meat rations
 j - 3 fruits
 n - a slice of pizza


   Skills:
 + Level 5.6 Fighting
 - Level 2.5 Axes
 - Level 3.2 Armour
 + Level 6.7 Shields


You had 5 spell levels left.
You didn't know any spells.

Dungeon Overview and Level Annotations

Branches:
Dungeon (4/15)
 Temple: D:4-7

Altars:

Annotations:
D:4 Duvessa


Innate Abilities, Weirdness & Mutations

You are under a permanent stasis effect.
You can dig through walls and to a lower floor.
Your four strong arms can wield two-handed weapons with a shield.
You have a pair of large antennae on your head. (SInv)


Message History

You kill Dowan!
Duvessa weeps, then rights herself and shakes her weapon.
Duvessa goes berserk!
Your life force feels restored.
You barely miss Duvessa. Duvessa barely misses you.
Duvessa hits you with a short sword.
You slash Duvessa!
Duvessa looks as sick as possible!
Duvessa is severely wounded.
Duvessa hits you with a short sword!
* * * LOW HITPOINT WARNING * * *
Duvessa hits you with a short sword!
* * * LOW HITPOINT WARNING * * *
You are too injured to fight recklessly!
You are too injured to fight recklessly!
Your scale mail prevents you from hitting Duvessa.
Duvessa is almost dead.
Duvessa hits you with a short sword!
* * * LOW HITPOINT WARNING * * *
Duvessa hits you with a short sword.
You die...

####
######....
#......... #
#.........
#..#e........
#...@)......
##..........
#..........
#...........
#...........
####......##
###$.### ###


You could see Duvessa (berserk).

Vanquished Creatures
  Sigmund (D:2)
  Dowan (D:4)
  6 adders
  An ooze (D:3)
  2 worms (D:2)
  3 leopard geckos
  4 orcs (D:3)
  6 giant cockroaches
  6 goblins
  10 hobgoblins
  6 jackals
  2 quokkas (D:2)
  2 ball pythons (D:1)
  8 bats
  4 frilled lizards
  6 kobolds
  A quokka zombie (D:3)
  8 rats
77 creatures vanquished.

Vanquished Creatures (others)
  The ghost of Naow the Conjurer, an amateur DECj of Vehumet (D:3)
  2 fulminant prisms (D:3)
3 creatures vanquished.

Grand Total: 80 creatures vanquished

Notes
Turn   | Place    | Note
-------+----------+-------------------------------------------
     0 | D:1      | Kloppie the Formicid Fighter began the quest for the Orb.
     0 | D:1      | Reached XP level 1. HP: 18/18 MP: 1/1
   101 | D:1      | Reached skill level 4 in Shields
   101 | D:1      | Reached XP level 2. HP: 17/24 MP: 2/2
   295 | D:1      | Reached XP level 3. HP: 14/29 MP: 3/3
   965 | D:2      | Reached XP level 4. HP: 36/36 MP: 4/4
   977 | D:2      | Reached skill level 5 in Shields
  1246 | D:2      | Noticed Sigmund
  1257 | D:2      | Killed Sigmund
  1257 | D:2      | Reached skill level 5 in Fighting
  1257 | D:2      | Reached skill level 6 in Shields
  1257 | D:2      | Reached XP level 5. HP: 8/44 MP: 5/5
  1257 | D:2      | Reached XP level 6. HP: 9/51 MP: 6/6
  1989 | D:3      | Noticed Naow's ghost (amateur DECj)
  1993 | D:3      | Killed Naow's ghost
  3072 | D:4      | Noticed Duvessa
  3072 | D:4      | Noticed Dowan
  3216 | D:4      | Killed Dowan
  3218 | D:4      | HP: 1/51 [Duvessa/short sword (7)]
  3218 | D:4      | Slain by Duvessa

Skill      XL: |  1  2  3  4 |
---------------+-------------+-----
Shields        | 4 6 |  6.7
Fighting       | 5 |  5.6
Axes           | |  2.5
Armour         | |  3.2

Action                   |  1- 3 |  4- 6 || total
-------------------------+-------+-------++-------
Melee: War axe           |   107 |   152 ||   259
       Hand axe          |       |    13 ||    13
  Use: Potion            |       |     2 ||     2
       Scroll            |       |     7 ||     7
  Eat: Chunk             |       |     8 ||     8
Armor: Scale mail        |    38 |    50 ||    88
Dodge: Dodged            |    35 |    57 ||    92
Block: Shield            |    61 |   119 ||   180
